Map: Gresvan LE

Players

PtitDrogo

  • Race: Protoss Protoss
  • Spawn Location: 11:00

trigger - Winner!

  • Race: Protoss Protoss
  • Spawn Location: 5:00

Event: ESL SC2 Masters 2023 Summer (Finals)

VOD

Have the link to the VOD?

Description

Time

  • Played on: June 16, 2023, 12:01 p.m.
  • Length: 7:39

All games in this series

Show
View Real Time Build Order
Export as new Build Order

PtitDrogo Protoss 

Build Orders: Blink Stalkers 

Get SALT Encoding   

  12  0:00  Probe  
  13  0:12  Probe  
  14  0:17  Pylon  
  14  0:24  Probe (Chrono Boost)  
  15  0:36  Probe (Chrono Boost), Gateway  
  16  0:44  Probe (Chrono Boost)  
  16  0:46  Assimilator  
  17  0:51  Probe  
  17  0:54  Assimilator  
  18  1:03  Probe (Chrono Boost)  
  19  1:09  Gateway  
  19  1:14  Probe (Chrono Boost)  
  20  1:19  Probe (Chrono Boost)  
  20  1:23  Cybernetics Core  
  21  1:29  Probe  
  22  1:33  Pylon  
  22  1:41  Probe  
  23  1:53  Probe  
  24  1:59  Warp Gate (Chrono Boost)  
  24  2:00  Stalker  
  28  2:05  Probe  
  29  2:09  Sentry  
  29  2:17  Probe  
  29  2:18  Pylon  
  31  2:36  Stalker  
  32  2:43  Nexus  
  31  2:46  Probe  
  32  2:52  Shield Battery  
  32  2:58  Probe  
  33  3:01  Sentry  
  35  3:06  Sentry  
  35  3:12  Probe, Pylon  
  38  3:18  Twilight Council  
  38  3:24  Probe  
  39  3:36  Probe (Chrono Boost)  
  39  3:40  Adept x2  
  44  3:47  Probe (Chrono Boost)  
  45  3:49  Blink (Chrono Boost)  
  45  3:53  Probe (Chrono Boost)  
  47  3:55  Probe (Chrono Boost)  
  48  4:05  Probe (Chrono Boost)  
  48  4:06  Probe (Chrono Boost)  
  48  4:07  Stalker  
  48  4:09  Stalker  
  53  4:15  Probe  
  53  4:16  Probe  
  55  4:28  Probe x2  
  55  4:31  Pylon  
  57  4:33  Stalker  
  57  4:34  Stalker  
  61  4:40  Probe  
  62  4:49  Probe  
  62  4:50  Nexus  
  64  4:52  Probe  
  64  4:57  Stalker  
  66  5:00  Stalker  
  66  5:04  Probe  
  69  5:07  Pylon  
  69  5:09  Assimilator  
  69  5:13  Pylon  
  69  5:18  Probe  
  70  5:25  Probe  
  71  5:29  Stalker x2  
  71  5:30  Probe  
  76  5:37  Probe  
  76  5:38  Forge  
  76  5:40  Robotics Facility  
  78  5:42  Probe  
  78  5:49  Probe  
  79  5:52  Stalker x2  
  79  5:56  Pylon  
  63  6:21  Stalker x2  
  48  7:04  Immortal (Chrono Boost)  
  50  7:11  Pylon  
  34  7:24  Probe x2  
Show
View Real Time Build Order
Export as new Build Order

trigger Protoss - Winner!

Build Orders: Phoenix Opening, Blink Stalkers 

Get SALT Encoding   

  12  0:00  Probe  
  13  0:12  Probe  
  14  0:17  Pylon  
  14  0:24  Probe (Chrono Boost)  
  16  0:36  Probe (Chrono Boost), Gateway  
  16  0:42  Probe (Chrono Boost)  
  16  0:46  Assimilator  
  17  0:51  Probe  
  17  0:54  Assimilator  
  18  1:03  Probe (Chrono Boost)  
  19  1:10  Gateway  
  20  1:12  Probe (Chrono Boost)  
  20  1:17  Probe (Chrono Boost)  
  20  1:23  Cybernetics Core  
  21  1:29  Probe  
  22  1:32  Pylon  
  22  1:41  Probe  
  23  1:53  Probe  
  24  1:59  Warp Gate, Stalker x2  
  28  2:05  Probe  
  29  2:10  Pylon  
  29  2:19  Shield Battery  
  29  2:36  Nexus  
  29  2:40  Sentry  
  29  2:43  Sentry  
  33  2:46  Probe  
  34  2:55  Pylon  
  34  3:01  Probe  
  34  3:03  Shield Battery  
  34  3:04  Sentry  
  37  3:10  Phoenix  
  37  3:16  Twilight Council  
  37  3:17  Probe  
  38  3:29  Probe  
  39  3:42  Blink (Chrono Boost)  
  39  3:44  Probe (Chrono Boost)  
  41  3:48  Probe (Chrono Boost)  
  41  3:53  Stalker  
  44  3:57  Probe (Chrono Boost), Stalker  
  44  3:58  Probe (Chrono Boost)  
  47  4:02  Probe (Chrono Boost)  
  47  4:05  Probe  
  49  4:14  Probe  
  50  4:18  Probe, Stalker  
  50  4:23  Stalker  
  55  4:27  Probe  
  55  4:30  Probe  
  57  4:34  Pylon  
  57  4:39  Probe  
  57  4:41  Stalker  
  57  4:42  Probe  
  61  4:48  Nexus  
  61  4:54  Stalker  
  61  4:56  Probe, Pylon  
  64  5:01  Probe  
  64  5:04  Stalker  
  67  5:08  Assimilator  
  67  5:09  Probe  
  68  5:17  Probe  
  68  5:20  Stalker  
  69  5:24  Probe  
  69  5:28  Robotics Facility, Stalker  
  72  5:30  Probe  
  72  5:31  Pylon  
  73  5:36  Probe  
  73  5:38  Forge  
  73  5:42  Probe  
  75  5:44  Stalker  
  75  5:48  Probe  
  75  5:49  Pylon  
  78  5:51  Stalker  
  78  5:54  Probe  
  81  5:57  Gateway  
  74  6:12  Stalker  
  74  6:14  Stalker  
  72  6:20  Immortal (Chrono Boost)  
  65  6:26  Pylon, Shield Battery  
  57  6:45  Stalker x2  
  61  6:51  Stalker  
  58  7:12  Observer  
  52  7:17  Probe (Chrono Boost)  
  53  7:25  Probe (Chrono Boost)  
  53  7:29  Probe (Chrono Boost)  
  54  7:30  Stalker  
Tags
 
Add a new tag
Caveats
  • Supply blocks, unpowered buildings, or Contaminate may cause inaccurate times.
  • Supply counts are checked every 10 seconds.